[Event "Team 45 45 League T83"]
[Site "Internet Chess Club"]
[Date "2020.01.25"]
[Round "4"]
[White "PsyMar"]
[Black "rkjulianjr"]
[Result "0-1"]
[WhiteElo "1201"]
[BlackElo "1324"]
[Opening "Scotch game"]
[ECO "C45"]
[Time "12:00:35"]
[TimeControl "2700+45"]

1. e4 e5 2. Nf3 Nc6 3. d4 exd4 4. Nxd4 Bc5 5. Be3 d6 6. Bb5 Bd7 7. O-O Nxd4 8.
Bxd7+ Qxd7 9. Bxd4 Bb6 10. Bxg7 O-O-O 11. Nc3 f6 12. Bxh8 Qf7 13. Qg4+ Rd7 14.
Nd5 Bd4 15. c3 Be5 16. f4 f5 17. exf5 Bxh8 18. Ne3 Nf6 19. Qf3 Re7 20. Rad1 Qxa2
21. Rf2 Ne4 22. Re2 c6 23. Rxd6 Nxd6 24. f6 Bxf6 {White resigns} 0-1

[Event "Team 45 45 League T83"]
[Site "Internet Chess Club"]
[Date "2020.01.27"]
[Round "4"]
[White "Visin"]
[Black "gregorgg"]
[Result "0-1"]
[WhiteElo "1291"]
[BlackElo "1231"]
[Opening "Sicilian: dragon variation"]
[ECO "B70"]
[Time "15:02:53"]
[TimeControl "2700+45"]

1. e4 c5 2. Nf3 d6 3. d4 cxd4 4. Nxd4 Nf6 5. Nc3 g6 6. Bd2 Bg7 7. Nf3 O-O 8. Be2
Nc6 9. O-O b6 10. Rb1 Bb7 11. Re1 Rc8 12. Bd3 Nd7 13. a3 Nce5 14. Bf4 Nxd3 15.
Qxd3 Bxc3 16. bxc3 Nc5 17. Qe3 Bxe4 18. Re2 e5 19. Bh6 Re8 20. Rb4 Bxf3 21. Qxf3
f5 22. Qd5+ Ne6 23. Rb3 Qh4 24. Bd2 Qc4 25. Qxc4 Rxc4 26. f3 Nf4 27. Bxf4 Rxf4
28. Rd2 Rd8 29. Rb4 Rxb4 30. cxb4 Kf7 31. Kf2 Ke6 32. c4 Rc8 33. Rc2 d5 34. a4
Rxc4 35. Rxc4 dxc4 36. Ke2 Kd5 37. Kd2 a6 38. Kc3 f4 39. g3 fxg3 40. hxg3 h5 41.
g4 {White resigns} 0-1

[Event "Team 45 45 League T83"]
[Site "Internet Chess Club"]
[Date "2020.01.25"]
[Round "4"]
[White "chesskix"]
[Black "dabodhi"]
[Result "1/2-1/2"]
[WhiteElo "1328"]
[BlackElo "1321"]
[Opening "English opening"]
[ECO "A05"]
[Time "20:08:53"]
[TimeControl "2700+45"]

1. Nf3 Nf6 2. c4 e6 3. Nc3 d5 4. cxd5 exd5 5. d4 Bf5 6. Bd2 c6 7. g3 h6 8. Bg2
Bd6 9. O-O Nbd7 10. Re1 O-O 11. Nh4 Bh7 12. e4 dxe4 13. Nxe4 Nxe4 14. Bxe4 Bxe4
15. Rxe4 Nf6 16. Re1 Qd7 17. Kg2 Rae8 18. Nf3 Rxe1 19. Bxe1 Re8 20. Bc3 Nd5 21.
Ne5 Bxe5 22. dxe5 Re6 23. Qd4 a6 24. Re1 Qe7 25. a3 Nxc3 26. Qxc3 f6 27. exf6
gxf6 28. Qb3 Kf7 29. Rxe6 Qxe6 30. Qxb7+ Kg6 31. Qxa6 Qe4+ 32. Kg1 Qb1+ 33. Qf1
Qxb2 34. Qd3+ Kg7 35. Qd7+ Kg6 36. Qe8+ Kg7 37. Qe7+ Kg6 38. Qe8+ {Game drawn by
mutual agreement} 1/2-1/2

[Event "Team 45 45 League T83"]
[Site "Internet Chess Club"]
[Date "2020.01.26"]
[Round "4"]
[White "CMAlge"]
[Black "OGO"]
[Result "1-0"]
[WhiteElo "1289"]
[BlackElo "1242"]
[Opening "Owen defense"]
[ECO "B00"]
[Time "13:01:12"]
[TimeControl "2700+45"]

1. e4 b6 2. d4 Bb7 3. Nc3 e6 4. Nf3 Be7 5. Bf4 d6 6. Bc4 Nf6 7. d5 O-O 8. O-O
exd5 9. exd5 Nbd7 10. Re1 a6 11. a4 Rc8 12. Qe2 Re8 13. Bxa6 Bxa6 14. Qxa6 Nc5
15. Qc4 Qd7 16. b4 Nb7 17. Qb3 Bf8 18. h3 Rxe1+ 19. Rxe1 Qf5 20. Bg3 c6 21. Nd4
Qd7 22. dxc6 Rxc6 23. Nxc6 Qxc6 24. Bh4 Nd7 25. Nd5 Ne5 26. Be7 Ng6 27. Bxf8
Kxf8 28. b5 Qc5 29. Re3 Ne5 30. Rc3 {Black resigns} 1-0

[Event "Team 45 45 League T83"]
[Site "Internet Chess Club"]
[Date "2020.01.24"]
[Round "4"]
[White "kingsrook"]
[Black "seldredg"]
[Result "1/2-1/2"]
[WhiteElo "1231"]
[BlackElo "1280"]
[Opening "Old Indian defense"]
[ECO "A53"]
[Time "13:03:53"]
[TimeControl "2700+45"]

1. d4 d6 2. c4 Nf6 3. Nc3 Nbd7 4. e4 e5 5. d5 Be7 6. Be2 h6 7. Nf3 Nc5 8. Qc2 a5
9. a4 Bd7 10. O-O O-O 11. h3 Rc8 12. Be3 c6 13. Bxc5 dxc5 14. Rfd1 cxd5 15. cxd5
Bd6 16. Nb5 Bxb5 17. Bxb5 Qb6 18. b3 Rcd8 19. Re1 Nh5 20. Qc3 f6 21. Nd2 Qa7 22.
Nc4 b6 23. Rad1 g5 24. Nxd6 Rxd6 25. Qf3 Ng7 26. Qg4 Qf7 27. Qf3 Kh8 28. Rc1 Rc8
29. Qg4 Rc7 {Game drawn by mutual agreement} 1/2-1/2